 Dungeon Crawl Stone Soup version 0.30.1-3-gfc49f6343a (webtiles) character file.

Game seed: 650566972999218795

221 Atelerd the Digger (level 5, -8/31 HPs)
             Began as an Octopode Earth Elementalist on July 24, 2023.
             Mangled by Eustachio
             ... wielding a +0 falchion
              (11 damage)
             ... on level 4 of the Dungeon.
             The game lasted 00:03:54 (2793 turns).

Atelerd the Digger (Octopode Earth Elementalist)    Turns: 2793, Time: 00:03:54

Health: -8/31      AC:  1    Str:  7 (8)  XL:     5   Next: 98%
Magic:  3/10       EV: 13    Int: 16 (17) God:
Gold:   106        SH:  0    Dex: 12 (14) Spells: 9/10 levels left

rFire   . . .        c - +0 short sword
rCold   . . .        (no shield)
rNeg    . . .        (helmet restricted)
rPois   .            (no amulet)
rElec   .            (no ring)
rCorr   .            (no ring)
SInv    .            (no ring)
Will    .....        (no ring)
Stlth   +++          (no ring)
HPRegen 0.25/turn    (no ring)
MPRegen 0.12/turn    (no ring)
                     (no ring)

%: no passive effects
@: no status effects
A: almost no armour, amphibious, 8 rings, camouflage 1, gelatinous body 1,
(nimble swimmer 1), tentacles
a: no special abilities


You were on level 4 of the Dungeon.
You visited 1 branch of the dungeon, and saw 4 of its levels.

You collected 106 gold pieces.

Inventory:

Hand Weapons
 c - a +0 short sword (weapon)
Jewellery
 h - an amulet of faith
Wands
 l - a wand of light (9)
Scrolls
 d - a scroll of fear
 g - a scroll of identify
 i - a scroll of summoning {unknown}
 j - 2 scrolls of teleportation
 k - a scroll of noise {unknown}
 m - a scroll of fog
Potions
 a - a potion of magic
 b - 2 potions of degeneration
 e - a potion of lignification
 f - 3 potions of curing
 n - a potion of attraction {unknown}
 o - a potion of resistance {unknown}


   Skills:
 - Level 2.0 Dodging
 - Level 2.7 Stealth
 + Level 3.4 Spellcasting
 + Level 3.3 Transmutations
 + Level 4.4 Earth Magic


You had 9 spell levels left.
You knew the following spells:

 Your Spells              Type           Power      Damage    Failure   Level
a - Sandblast             Erth           32%        2d9       3%          1

Your spell library contained the following spells:

 Spells                   Type           Power      Damage    Failure   Level
 Passwall                 Tmut/Erth      12%        N/A       5%          2
 Stone Arrow              Conj/Erth      18%        3d8       22%         3
 Cigotuvi's Dreadful Rot  Necr/Pois/Air  4%         N/A       26%         2
 Petrify                  Tmut/Erth      15%        N/A       36%         4
 Dispel Undead            Necr           2%         3d7       87%         4
 Death Channel            Necr           1%         N/A       100%        6
 Simulacrum               Ice/Necr       1%         N/A       100%        6
 Ozocubu's Refrigeration  Ice            1%         4d7       100%        7
 Polar Vortex             Ice            1%         N/A       100%        9


Dungeon Overview and Level Annotations

Branches:
Dungeon (4/15)
 Temple: D:4-7

Altars:

Annotations:
D:1 exclusion: 2 downstairs
D:4 Eustachio


Innate Abilities, Weirdness & Mutations

You cannot wear most types of armour.
You are amphibious.
You can wear up to eight rings at the same time.
Your skin changes colour to match your surroundings (Stealth+).
Your rubbery body absorbs attacks. (AC +1, EV +1)
((You are camouflaged when in or above water. (Stealth+)))
You have tentacles for arms and can constrict up to eight enemies at once.


Message History

The gnoll is moderately wounded.
Your attack snaps the gnoll out of its fear.
The gnoll hits you with a +0 flail. The gnoll hits you but does no damage.
The iron imp hits you but does no damage.
The gnoll hits you with a +0 flail.
Unknown command.
Casting: Sandblast (safe; 3% risk of failure)
Confirm with . or Enter, or press ? or * to list all spells.
Aiming: Sandblast (safe; 3% risk of failure)
Press: ? - help, Shift-Dir - straight line, f/p - gnoll
Aim: a gnoll, wielding a +0 flail and quivering a throwing net (moderately wounded, 84% to hit)
Okay, then.
You feel much better. The gnoll hits you but does no damage.
Eustachio casts a spell.
The gnoll hits you but does no damage.
The iron imp hits you but does no damage.
Casting: Sandblast (safe; 3% risk of failure)
Confirm with . or Enter, or press ? or * to list all spells.
Aiming: Sandblast (safe; 3% risk of failure)
Press: ? - help, Shift-Dir - straight line, f - Eustachio, p - gnoll
Aim: Eustachio, wielding a +0 falchion and wearing a +0 leather armour (moderately wounded, strong, 75% to hit)
The blast of sand hits Eustachio.
Eustachio is heavily wounded.
The gnoll hits you but does no damage. x2
The iron imp hits you but does no damage.
The gnoll completely misses you.
Eustachio gestures wildly while chanting.
Unknown command.
Casting: Sandblast (safe; 3% risk of failure)
Confirm with . or Enter, or press ? or * to list all spells.
Aiming: Sandblast (safe; 3% risk of failure)
Press: ? - help, Shift-Dir - straight line, f/p - Eustachio
Aim: Eustachio, wielding a +0 falchion and wearing a +0 leather armour (heavily wounded, strong, 75% to hit)
The blast of sand hits Eustachio!
Eustachio is almost dead.
You feel less wooden. The gnoll hits you with a +0 flail! x2
* * * LOW HITPOINT WARNING * * *
The iron imp closely misses you. Eustachio hits you with a +0 falchion!
You die...

..<.........#
##...##
.######.#####
##.....## #.#
#.......# ##.##
#.......### #...#
#.......... #...#
##.....### #...#
##.....# #...#
###g#####.#
#####...#####.@##
.#
.........[...g5@##
..
..............r.r#
..
..............##bb#
gg #####...#####.#
..... g #...#
#.......## #>..#
#.##...... #...#
#.. ....### .....
### ....#


You could see Eustachio (strong), an iron imp (summoned), 2 gnolls, 2 bats and 2
rats.

Vanquished Creatures
  A gnoll bouda (D:4)
  An orc wizard (D:3)
  6 gnolls
  2 adders
  4 worms
  4 dart slugs
  4 orcs (D:3)
  3 ball pythons
  7 endoplasms
  3 giant cockroaches
  11 goblins
  5 hobgoblins
  2 jackals (D:1)
  4 quokkas
  A bat (D:3)
  6 frilled lizards
  4 kobolds
  5 rats
73 creatures vanquished.

Notes
Turn   | Place    | Note
-------+----------+-------------------------------------------
     0 | D:1      | Atelerd the Octopode Earth Elementalist began the quest for
                  | the Orb.
     0 | D:1      | Reached XP level 1. HP: 11/11 MP: 3/3
    57 | D:1      | Reached XP level 2. HP: 17/17 MP: 0/5
   363 | D:1      | Reached XP level 3. HP: 21/21 MP: 3/6
   877 | D:1      | Reached XP level 4. HP: 20/27 MP: 2/8
  1809 | D:3      | Reached skill level 4 in Earth Magic
  1837 | D:3      | Reached XP level 5. HP: 31/31 MP: 6/9
  2008 | D:3      | Found a faded altar of an unknown god.
  2778 | D:4      | Noticed Eustachio
  2793 | D:4      | Mangled by Eustachio

Illustrated notes

Levels and vault maps discovered:
D:1:      wander_arrival_lonely_grave, layout_rooms, dreamdust_princess_bridge
D:2:      layout_rooms, chequers_decorated_corner
D:3:      layout_basic, ebering_ecumenical_altar_webs
D:4:      layout_loops_cross, uniq_eustachio, uniq_edmund

Skill      XL: |  1  2  3  4  5 |
---------------+----------------+-----
Transmutations | 2 3 |  3.3
Spellcasting   | 3 |  3.4
Earth Magic    | 4 |  4.4
Dodging        | |  2.0
Stealth        | |  2.7

Action                     |  1- 3 |  4- 6 || total
---------------------------+-------+-------++-------
  Melee: Short sword       |    10 |    11 ||    21
         Constrict         |     4 |     4 ||     8
         Tentacles         |     3 |     3 ||     6
         Unarmed           |     2 |       ||     2
   Cast: Sandblast         |    30 |    81 ||   111
    Use: Scroll            |       |     4 ||     4
         Potion            |       |     7 ||     7
   Stab: Sleeping          |       |     1 ||     1
 Armour: Skin              |     1 |    20 ||    21
  Dodge: Dodged            |    10 |    38 ||    48
